 Dungeon Crawl Stone Soup version 0.28-a0-60-g54b5640690 (webtiles) character file.

Game seed: 1689956613231784084

96130 dolemite99 the Thrower (level 15, -4/148 HPs)
             Began as a Troll Fighter on July 31, 2021.
             Was a Believer of Yredelemnul.
             Slain by a naga (10 damage)
             ... on level 2 of the Snake Pit.
             The game lasted 01:08:36 (30479 turns).

dolemite99 the Thrower (Troll Fighter)             Turns: 30479, Time: 01:08:37

Health: -4/148     AC: 14    Str: 31    XL:     15   Next: 68%
Magic:  0/21       EV:  7    Int:  5    God:    Yredelemnul [**....]
Gold:   190        SH: 19    Dex: 10    Spells: 9/14 levels left

rFire   + + .      SeeInvis .     - Unarmed
rCold   . . .      Faith    .   M - +0 tower shield
rNeg    . . .      Spirit   +   K - +0 fire dragon scales
rPois   .          Reflect  .   (helmet restricted)
rElec   .          Harm     .   f - +1 cloak
rCorr   .          Rampage  .   (gloves unavailable)
Will    ++...                   (boots unavailable)
Stlth   ..........              J - amulet of guardian spirit
HPRegen 1.34/turn               n - ring of protection from cold {=R}
MPRegen 0.17/turn               N - ring of willpower

@: about to teleport, slowed, very slow
A: large, unfitting armour, claws 3, regeneration 1, shaggy fur 1, tough skin 1
a: Renounce Religion, Animate Remains, Recall Undead Slaves, Injury Mirror


You were on level 2 of the Snake Pit.
You worshipped Yredelemnul.
Yredelemnul was pleased with you.
You visited 5 branches of the dungeon, and saw 26 of its levels.

You collected 2190 gold pieces.
You spent 2000 gold pieces at shops.

Inventory:

Hand Weapons
 i - a +2 dagger of venom
 P - the +7 hunting sling "Rekecil" {venom, rC+ Str+4}
   (You found it on level 2 of the Snake Pit)

   Any ammunition fired from it poisons the flesh of those it strikes.
   Str:       It affects your strength (+4).
   rC:        It protects you from cold.
Missiles
 h - 793 stones
 o - a throwing net
 q - 7 boomerangs
 t - 2 javelins (quivered)
 u - 3 large rocks
 v - 63 poisoned darts
 A - a curare-tipped dart
Armour
 f - a +1 cloak (worn)
 w - +0 acid dragon scales
 K - +0 fire dragon scales (worn)
 M - a +0 tower shield (worn)
Magical Staves
 E - a staff of air
 L - a staff of poison
Jewellery
 a - a +6 ring of strength
 n - a ring of protection from cold (left claw) {=R}
 D - an amulet of the acrobat
 I - an amulet of magic regeneration
 J - an amulet of guardian spirit (around neck)
 N - a ring of willpower (right claw)
 U - a ring of wizardry
Wands
 b - a wand of mindburst (12)
 d - a wand of paralysis (5)
 m - a wand of polymorph (5)
 x - a wand of iceblast (39)
 G - a wand of flame (29)
 T - a wand of digging (12)
Scrolls
 B - a scroll of teleportation
 Q - a scroll of magic mapping
Potions
 c - 4 potions of flight
 g - a potion of haste
 j - 3 potions of cancellation
 k - 3 potions of magic
 l - a potion of resistance
 p - 3 potions of ambrosia {unknown}
 r - 2 potions of attraction {unknown}
 s - 3 potions of lignification
 z - 2 potions of berserk rage {unknown}
 C - 4 potions of might
 F - 4 potions of mutation {unknown}
 H - 3 potions of brilliance {unknown}
Miscellaneous
 y - a phial of floods (inert)
 O - a condenser vane (inert)
 V - a box of beasts (inert)


   Skills:
 - Level 9.6 Fighting
 - Level 11.6 Throwing
 + Level 7.0 Armour
 - Level 3.6 Dodging
 - Level 10.2 Shields
 - Level 11.5 Unarmed Combat
 - Level 10.0 Invocations
 - Level 7.2 Evocations


You had 9 spell levels left.
You knew the following spells:

 Your Spells              Type           Power      Damage    Failure   Level
a - Passwall              Tmut/Erth      0%         N/A       99%         2
b - Swiftness             Air            0%         N/A       100%        3

Your spell library contained the following spells:

 Spells                   Type           Power      Damage    Failure   Level
 Magic Dart               Conj           0%         1d3       97%         1
 Pain                     Necr           0%         1d4       97%         1
 Summon Small Mammal      Summ           0%         N/A       97%         1
 Corpse Rot               Necr/Air       N/A        N/A       99%         2
 Poisonous Vapours        Pois/Air       0%         N/A       99%         2
 Searing Ray              Conj           0%         3d3       99%         2
 Call Canine Familiar     Summ           0%         N/A       100%        3
 Summon Guardian Golem    Hex/Summ       0%         N/A       100%        3
 Animate Armour           Summ/Erth      0%         N/A       100%        4
 Fulminant Prism          Conj/Hex       0%         3d6       100%        4
 Iskenderun's Mystic Bla  Conj/Tloc      0%         2d3       100%        4
 Agony                    Necr           0%         N/A       100%        5
 Blade Hands              Tmut           0%         N/A       100%        5
 Excruciating Wounds      Necr           0%         N/A       100%        5
 Freezing Cloud           Conj/Ice/Air   0%         6-21      100%        5
 Lee's Rapid Deconstruct  Erth           0%         3d5*      100%        5
 Dispersal                Tloc           0%         N/A       100%        6
 Invisibility             Hex            0%         N/A       100%        6
 Iron Shot                Conj/Erth      0%         9d1       100%        6
 Disjunction              Tloc           0%         N/A       100%        8
 Fire Storm               Conj/Fire      0%         5d1       100%        9


Dungeon Overview and Level Annotations

Branches:
Dungeon (15/15)            Temple (1/1) D:4            Lair (6/6) D:11
  Swamp (0/4) Lair:3        Snake (2/4) Lair:4        Slime (0/5) Lair:6
    Orc (2/2) D:11            Elf (0/3) Orc:2        Vaults (0/5) D:13
 Depths (0/5) D:15

Altars:
Ashenzari
Cheibriados
Dithmenos
Elyvilon
Fedhas
Gozag
Hepliaklqana
Kikubaaqudgha
Makhleb
Nemelex Xobeh
Okawaru
Qazlal
Ru
Sif Muna
Trog
Uskayaw
Vehumet
Wu Jian
Xom
Yredelemnul
Zin
The Shining One
Beogh
Jiyva

Shops:
D:10 (   D:14 =   Orc:2 ![((   Snake:2 :=:

Portals:
Trove: D:10 (give +3 gold dragon scales)

Annotations:
D:11 3 runed translucent doors, bande's ghost, journeyman GrFi
Snake:1 3 runed translucent doors, exclusion: obsidian statue, LadonLegend's ghost, journeyman DsAK


Innate Abilities, Weirdness & Mutations

You are too large for most types of armour.
You have claws for hands.
Your natural rate of healing is unusually fast.
You are covered in fur. (AC +1)
You have tough skin. (AC +1)


Message History

The naga warrior grabs you.
* * * LOW HITPOINT WARNING * * *
The naga warrior constricts you.
You escape the naga warrior's grasp.
You feel sick.
The naga no longer looks unusually strong.
You block the naga's attack.
Okay, then.
There are monsters nearby!
Unknown command.
You feel better. You block the naga's attack.
The naga warrior hits you with a +0 scimitar!
* * * LOW HITPOINT WARNING * * *
The naga warrior grabs you.
* * * LOW HITPOINT WARNING * * *
The naga warrior constricts you.
You feel better. You block the naga's attack.
You block the naga warrior's attack.
* * * LOW HITPOINT WARNING * * *
The naga warrior constricts you.
The naga hits you from afar with a +0 halberd.
* * * LOW HITPOINT WARNING * * *
The naga warrior hits you with a +0 scimitar!!
* * * LOW HITPOINT WARNING * * *
The naga warrior constricts you.
You escape the naga warrior's grasp.
The naga warrior spits poison at you. You block the splash of poison.
Okay, then.
You feel better.
The naga hits you from afar with a +0 halberd!
* * * LOW HITPOINT WARNING * * *
The naga spits poison at you. You block the splash of poison.
As you read the scroll of teleportation, it crumbles to dust.
You feel strangely unstable.
The naga warrior hits you but does no damage.
You block the naga warrior's attack.
The naga hits you from afar with a +0 halberd!
You die...
Your body rises from the dead as a mindless zombie.

#####.....' # .........# #
........# # .......# #
......#############
..................
#................. #
+@N............... #. #..........
###... #.. #..N...######.#...
#...##+##+##....§§#......#.SN
....#................☼#......#.N.
....#...............§)§.)....#..≈
....#................☼#§...(.#..N
...##...............).# .....#.≈≈
..###.................## #'###.≈.


You could see a naga warrior (curare) and a naga.

Vanquished Creatures
  A nagaraja (Snake:2)
  The ghost of Thraspic the Summoner, a journeyman DsGl of Ashenzari (Lair:5)
  Snorg (D:10)
  A fire dragon (Lair:6)
  2 naga warriors (Snake:2)
  Harold (D:7)
  8 hydras
  A rakshasa (D:15)
  2 boulder beetles
  4 centaur warriors
  A death knight (D:15)
  Erica (D:8)
  3 anacondas (Snake:1)
  5 two-headed ogres
  A tengu warrior (D:15)
  5 death yaks
  8 orc high priests (Orc:2)
  2 shock serpents (Snake:2)
  A naga sharpshooter (Snake:2)
  A skeletal warrior (D:15)
  A fire crab (Lair:6)
  A glowing orange brain (D:15)
  2 naga ritualists (Snake:1)
  A deep elf pyromancer (D:13)
  3 cyclopes
  An orc knight (Orc:2)
  2 mana vipers (Snake:1)
  6 ugly things
  3 orc sorcerers
  A salamander (Snake:1)
  17 black mambas
  4 manticores
  2 oklob plants (Lair:3)
  6 elephants (Lair:6)
  3 molten gargoyles (Lair:6)
  A gargoyle (D:14)
  A black mamba (shapeshifter) (D:14)
  3 naga magi
  A rime drake (Lair:1)
  3 unseen horrors (D:12)
  4 cane toads
  16 komodo dragons
  5 yaktaurs
  A freezing wraith (D:15)
  2 tengu conjurers
  2 efreet
  2 polar bears
  4 trolls
  Grinder (D:3)
  9 blink frogs
  5 slime creatures
  2 shadows
  36 yaks
  4 wyverns
  A vampire (D:10)
  2 wraiths
  4 basilisks
  Eustachio (D:4)
  6 steam dragons
  Edmund (D:5)
  7 wargs
  10 nagas
  3 acid dragons
  A floating eye (shapeshifter) (D:15)
  3 hell hounds (Lair:6)
  38 water moccasins
  A sky beast (D:4)
  5 black bears
  3 ice beasts
  3 necrophages
  10 orc warriors
  13 wolves
  5 ogres
  A phantom (D:5)
  13 centaurs
  3 kobold brigands
  9 bullfrogs
  A wyvern skeleton (D:6)
  A water moccasin skeleton (D:4)
  5 killer bees (D:10)
  5 wights (D:6)
  4 howler monkeys
  2 lava snakes (Lair:6)
  Crazy Yiuf (D:3)
  7 centaur zombies
  5 hounds
  A jelly (D:6)
  A bullfrog skeleton (D:5)
  29 orc priests
  2 centaur skeletons
  2 iguanas (D:4)
  Terence (D:3)
  11 orc wizards
  A killer bee zombie (D:6)
  3 gnolls (D:7)
  18 adders
  An ufetubus (D:4)
  An adder skeleton (D:2)
  2 worms (D:2)
  4 dart slugs
  57 orcs
  6 bats
  13 endoplasms
  6 giant cockroaches
  3 goblins
  9 hobgoblins
  6 jackals
  4 quokkas
  7 ball pythons
  A frilled lizard (D:1)
  21 kobolds
  8 rats
  A bush (D:15)
598 creatures vanquished.

Vanquished Creatures (collateral kills)
  A hydra (D:14)
  A centaur warrior (D:15)
  An anaconda (Snake:1)
  A salamander mystic (Lair:4)
  A naga ritualist (Snake:1)
  2 wizards
  3 mana vipers
  A salamander (Snake:2)
  An orc sorcerer (Orc:1)
  2 ugly things (D:15)
  2 naga magi
  A guardian serpent (Snake:2)
  4 cane toads
  3 black mambas
  2 komodo dragons
  2 rime drakes (Lair:4)
  A troll (D:10)
  3 blink frogs
  4 slime creatures
  2 wyverns
  5 yaks
  A golden eye (Snake:1)
  2 basilisks
  A steam dragon (Lair:6)
  5 nagas
  5 water moccasins
  4 necrophages (Lair:3)
  A black bear (Lair:3)
  An ogre (Orc:2)
  2 wolves (Lair:3)
  A bullfrog (Lair:2)
  5 orc priests
  A killer bee zombie (D:8)
  An adder (Lair:1)
  11 orcs
  4 bushes (D:15)
88 creatures vanquished.

Vanquished Creatures (others)
  A black mamba (Lair:6)
  2 flying skulls (Snake:2)
  2 yaks (Lair:6)
  A basilisk (Lair:6)
  2 anaconda zombies (Snake:1)
  A shock serpent zombie (Snake:2)
  2 ugly thing zombies (D:15)
  8 black mamba zombies
  6 cane toad zombies
  5 hydra zombies
  A human zombie (D:15)
  2 hell hound zombies (Lair:6)
  5 blink frog zombies
  3 elephant zombies (Lair:6)
  An elf zombie (D:13)
  9 komodo dragon zombies
  4 manticore zombies
  2 salamander zombies
  2 two-headed ogre zombies
  14 water moccasin zombies
  2 wyvern zombies
  3 rime drake zombies
  A troll skeleton (D:10)
  A warg skeleton (Orc:2)
  2 warg zombies (Orc:2)
  A cyclops zombie (D:13)
  An acid dragon zombie (D:12)
  A basilisk zombie (D:11)
  3 ogre zombies (Orc:2)
  A polar bear zombie (Lair:3)
  A steam dragon zombie (D:8)
  A troll zombie (D:10)
  15 yak zombies
  7 adder zombies (Lair:1)
  3 black bear zombies
  A bullfrog skeleton (D:8)
  6 bullfrog zombies
  9 centaur zombies
  A gnoll zombie (D:7)
  A howler monkey zombie (D:14)
  6 kobold skeletons
  11 naga zombies
  3 necrophage skeletons (Lair:3)
  3 orc skeletons
  34 orc zombies
  A polar bear skeleton (Lair:6)
  2 tengu zombies (D:15)
  9 wolf zombies
  37 fungi
  49 plants
289 creatures vanquished.

Grand Total: 975 creatures vanquished

Notes
Turn   | Place    | Note
-------+----------+-------------------------------------------
     0 | D:1      | dolemite99 the Troll Fighter began the quest for the Orb.
     0 | D:1      | Reached XP level 1. HP: 22/22 MP: 0/0
   315 | D:1      | Reached XP level 2. HP: 29/29 MP: 1/1
   748 | D:1      | Found a faded altar of an unknown god.
   751 | D:1      | Reached XP level 3. HP: 36/36 MP: 2/2
  1553 | D:2      | Reached XP level 4. HP: 44/44 MP: 3/3
  1803 | D:3      | Found a shimmering blue altar of Sif Muna.
  1835 | D:3      | Found a shimmering altar of Xom.
  1860 | D:3      | Noticed Grinder
  1896 | D:3      | Killed Grinder
  1897 | D:3      | Reached XP level 5. HP: 12/50 MP: 4/4
  1897 | D:3      | Reached XP level 6. HP: 14/59 MP: 5/5
  2227 | D:3      | Found a snail-covered altar of Cheibriados.
  2263 | D:3      | Got Sif Muna's Volume of Attacks and Calling
  2285 | D:3      | Noticed Terence
  2290 | D:3      | Killed Terence
  2493 | D:3      | Found a runed translucent door.
  2494 | D:3      | Noticed Crazy Yiuf
  2617 | D:3      | Killed Crazy Yiuf
  2618 | D:3      | Reached skill level 1 in Throwing
  2865 | D:4      | Found a staircase to the Ecumenical Temple.
  2879 | Temple   | Entered the Ecumenical Temple
  3020 | Temple   | Became a worshipper of Yredelemnul the Dark
  3048 | D:4      | Noticed a sky beast
  3075 | D:4      | Killed a sky beast
  3076 | D:4      | Reached XP level 7. HP: 66/66 MP: 6/6
  3236 | D:4      | Noticed Eustachio
  3251 | D:4      | Killed Eustachio
  3455 | D:4      | Reached skill level 5 in Throwing
  3530 | D:5      | Entered Level 5 of the Dungeon
  3827 | D:5      | Noticed Edmund
  3864 | D:5      | Killed Edmund
  3865 | D:5      | Reached XP level 8. HP: 32/74 MP: 7/7
  4054 | D:5      | Reached * piety under Yredelemnul
  4055 | D:5      | Reached skill level 5 in Shields
  5553 | D:6      | Found an iron altar of Okawaru.
  5701 | D:6      | Reached XP level 9. HP: 80/80 MP: 8/8
  6354 | D:7      | Reached skill level 1 in Invocations
  6408 | D:7      | Identified the +1 robe of Oruy {Rampage +Inv rF-}
  6427 | D:7      | Found a burning altar of Makhleb.
  6549 | D:7      | Noticed Harold
  6561 | D:7      | Killed Harold
  6562 | D:7      | Reached skill level 5 in Invocations
  6675 | D:7      | Reached ** piety under Yredelemnul
  6967 | D:7      | Reached XP level 10. HP: 49/88 MP: 13/13
  7554 | D:8      | Reached skill level 1 in Evocations
  8019 | D:8      | Noticed Erica
  8024 | D:8      | Killed Erica
  8334 | D:8      | Reached skill level 5 in Fighting
  8496 | D:8      | Noticed a boulder beetle
  8513 | D:8      | Killed a boulder beetle
  8831 | D:9      | Found a shadowy altar of Dithmenos.
  8912 | D:9      | Reached XP level 11. HP: 60/107 MP: 14/14
  9368 | D:9      | Found an ornate altar of the Wu Jian Council.
  9434 | D:9      | Noticed an angel
  9435 | D:9      | Found a glowing silver altar of Zin.
  9489 | D:10     | Entered Level 10 of the Dungeon
  9528 | D:10     | Noticed Snorg
  9546 | D:10     | Killed Snorg
  9547 | D:10     | Reached skill level 5 in Unarmed Combat
 10061 | D:10     | Your ally Snorg died
 10220 | D:10     | You fall into a shaft and drop 3 floors!
 10582 | D:12     | Noticed a two-headed ogre
 10590 | D:12     | Killed a two-headed ogre
 10735 | D:11     | Noticed a two-headed ogre
 10772 | D:11     | Killed a two-headed ogre
 10840 | D:11     | Found a staircase to the Lair.
 11142 | D:11     | Identified the +0 leather armour of Mezcal {rF+ MP+9 SInv}
 11265 | D:10     | Found Ceegaq's Weapon Emporium.
 11691 | D:10     | Reached XP level 12. HP: 118/118 MP: 15/15
 12022 | D:10     | Found a portal to a secret trove of treasure.
 12301 | D:11     | Noticed a fire dragon
 12302 | D:11     | Found a runed translucent gate.
 12303 | D:11     | Found a runed translucent gate.
 12303 | D:11     | Noticed bande's ghost (journeyman GrFi)
 12304 | D:11     | Found a runed translucent gate.
 12391 | D:11     | Found a staircase to the Orcish Mines.
 12438 | D:11     | You fall into a shaft and drop 3 floors!
 13368 | D:12     | Noticed a six-headed hydra
 13372 | D:12     | Killed a six-headed hydra
 13373 | D:12     | Reached skill level 1 in Armour
 13680 | Lair:1   | Entered Level 1 of the Lair of Beasts
 13899 | Lair:1   | Reached skill level 5 in Armour
 15614 | Lair:2   | Reached XP level 13. HP: 124/124 MP: 16/16
 16842 | Lair:3   | Found a staircase to the Swamp.
 16949 | Lair:3   | Reached skill level 5 in Evocations
 17443 | Lair:4   | Learned a level 2 spell: Passwall
 17447 | Lair:4   | Learned a level 3 spell: Swiftness
 17737 | Lair:4   | Found a staircase to the Snake Pit.
 17809 | Lair:4   | Identified the +2 plate armour of Jigsaw {Rampage}
 18036 | Lair:4   | Noticed Nessos
 18038 | Lair:4   | Noticed Nessos
 18038 | Lair:4   | Nessos changed into Nessos the hound
 18044 | Lair:4   | Killed Nessos the hound
 18803 | Lair:5   | Reached *** piety under Yredelemnul
 18846 | Lair:5   | Noticed Thraspic's ghost (journeyman DsGl)
 19148 | Lair:5   | Found a runed translucent door.
 19202 | Lair:5   | Killed Thraspic's ghost
 19898 | Lair:6   | Entered Level 6 of the Lair of Beasts
 20290 | Orc:1    | Entered Level 1 of the Orcish Mines
 20297 | Orc:1    | Reached skill level 10 in Throwing
 20692 | Orc:2    | Entered Level 2 of the Orcish Mines
 20704 | Orc:2    | Paralysed by an orc sorcerer for 7 turns
 21503 | Orc:2    | Found Vuinus's Antique Armour Boutique.
 21503 | Orc:2    | Found Wesmuebu's Distillery.
 22048 | Orc:2    | Reached XP level 14. HP: 108/136 MP: 19/19
 22503 | Orc:2    | Found a staircase to the Elven Halls.
 22549 | Orc:2    | Reached skill level 10 in Unarmed Combat
 22609 | Orc:2    | Found Nesulun's Antique Weapon Boutique.
 22609 | Orc:2    | Found Paridd's Weapon Shoppe.
 22815 | Orc:2    | Bought a potion of might for 40 gold pieces
 22815 | Orc:2    | Bought a potion of heal wounds for 50 gold pieces
 22815 | Orc:2    | Bought a potion of invisibility for 80 gold pieces
 22824 | Orc:2    | Bought fire dragon scales for 1500 gold pieces
 22835 | Orc:2    | Bought a potion of curing for 30 gold pieces
 23764 | Lair:6   | Found a staircase to the Slime Pits.
 23765 | Lair:6   | Found a viscous altar of Jiyva.
 24395 | Lair:6   | Found a large runed translucent door.
 24396 | Lair:6   | Found a large runed translucent door.
 25337 | D:13     | You fall into a shaft and drop 1 floor!
 25432 | D:14     | Found Vipraeg's Jewellery Emporium.
 26015 | D:13     | Found a gate to the Vaults.
 27253 | D:15     | Entered Level 15 of the Dungeon
 27373 | D:15     | Reached XP level 15. HP: 146/146 MP: 19/21
 28373 | D:15     | Reached skill level 10 in Shields
 28383 | D:15     | Found a staircase to the Depths.
 28610 | D:14     | Bought a ring of protection from cold for 300 gold pieces
 28816 | Snake:1  | Entered Level 1 of the Snake Pit
 29204 | Snake:1  | Reached skill level 10 in Invocations
 29350 | Snake:1  | Reached **** piety under Yredelemnul
 29526 | Snake:1  | Found a runed translucent gate.
 29567 | Snake:1  | Found a runed translucent gate.
 29567 | Snake:1  | Found a runed translucent gate.
 29568 | Snake:1  | Found an opulent altar of Gozag.
 29569 | Snake:1  | Noticed LadonLegend's ghost (journeyman DsAK)
 29642 | Snake:1  | Found a white marble altar of Elyvilon.
 29820 | Snake:2  | Found Ugiwnuag's Book Shop.
 29834 | Snake:2  | Found Oremezuq's Jewellery Emporium.
 29835 | Snake:2  | Found Caejiel's Book Shop.
 29838 | Snake:2  | Identified the +7 hunting sling "Rekecil" {venom, rC+
                  | Str+4}
 29986 | Snake:2  | Received a gift from Yredelemnul (2 flying skulls)
 30236 | Snake:2  | Found a frozen archway.
 30312 | Snake:2  | Noticed a nagaraja
 30320 | Snake:2  | Killed a nagaraja
 30475 | Snake:2  | HP: 2/148 [naga warrior (19)]
 30479 | Snake:2  | Slain by a naga

Illustrated notes

Levels and vault maps discovered:
D:1:      evilmike_arrival_fibonacci_small, layout_basic,
          shapermc_ecumenical_altar_totnotflames
D:2:      layout_loops_corners, minmay_box_of_dots
D:3:      layout_rooms, lemuel_tele_altar, kennysheep_slug_shrine,
          xom_butterflies, amcnicky_mini_pool_small, uniq_crazy_yiuf_cottage,
          uniq_grinder, uniq_terence
D:4:      layout_gridville, temple_statues, minivault_1, uniq_eustachio
D:5:      lemuel_ice_spiral_2, layout_basic, serial_park_tiny_pond, uniq_edmund
D:6:      layout_basic, okawaru_gym_becter
D:7:      cheibrodos_steamvent, layout_loops_corners,
          makhleb_blood_cavern_becter, uniq_harold
D:8:      layout_loops_ring, kennysheep_generic_room_14, uniq_erica
D:9:      layout_loops_cross, nicolae_dithmenos_shadow_blocks,
          nzn_wu_jian_council_hall, zin_angel
D:10:     layout_rooms, serial_shops, nicolae_shop_trees, enter_trove_1,
          uniq_snorg
D:11:     layout_stronghold, minmay_lair_entry_grove,
          minmay_orc_entry_temple_small, gammafunk_ghost_split
D:12:     layout_irregular_city
D:13:     layout_loops_cross, david_vaults_1
D:14:     layout_stronghold, serial_shops, shop
D:15:     gammafunk_enter_depths_forms, layout_basic, minmay_hedge_maze,
          minivault_26
Temple:   nicolae_temple_great_sept
Lair:1:   lemuel_reptile_caves, layout_cave_shapes
Lair:2:   layout_roguey
Lair:3:   layout_cave_pods, swamp_mist, roderic_carrion_pond,
          grunt_megastairs_1, minmay_lair_oklob_chamber
Lair:4:   layout_layer_cave, guppyfry_snake_entry_island, uniq_nessos
Lair:5:   layout_cave_pods, hellmonk_ghost_happy_afterlife
Lair:6:   cheibrodos_lair_end_hotspot, layout_cellular_growth, slime_altar_1,
          gauntlet_entry_generic, infiniplex_staircase_pool_2
Snake:1:  layout_cave_shapes, basic_altar, ebering_ghost_gozag
Snake:2:  layout_cave_town, ebering_ghost_inner_flame,
          portal_ice_cave_entry_pillars_2, hangedman_snake_pattern,
          minmay_shop_grove
Orc:1:    layout_caves, basic_altar
Orc:2:    st_orc_town, layout_caves

Skill      XL: |  1  2  3  4  5  6  7  8  9 10 11 12 13 14 15 |
---------------+----------------------------------------------+-----
Shields        | 3 4 7 8 9 10 | 10.2
Unarmed Combat | 3 4 8 9 11 | 11.5
Throwing       | 3 6 9 10 11 | 11.6
Invocations    | 6 8 9 10 | 10.0
Evocations     | 3 4 7 |  7.2
Fighting       | 6 7 8 9 |  9.6
Armour         | 5 7 |  7.0
Dodging        | 3 |  3.6

Action                   |  1- 3 |  4- 6 |  7- 9 | 10-12 | 13-15 || total
-------------------------+-------+-------+-------+-------+-------++-------
Melee: Unarmed           |   106 |    95 |   237 |   596 |   668 ||  1702
Throw: Boomerang         |       |    10 |    93 |    48 |   185 ||   336
       Large rock        |       |     2 |     2 |    85 |   130 ||   219
       Throwing net      |       |     1 |       |     1 |     2 ||     4
       Dart              |       |       |     4 |    21 |     4 ||    29
       Stone             |       |       |       |       |    16 ||    16
       Javelin           |       |       |       |       |    25 ||    25
Invok: Animate Remains   |       |       |     2 |    69 |   110 ||   181
       Injury Mirror     |       |       |       |    14 |    26 ||    40
       Recall Undead Sla |       |       |       |     2 |     4 ||     6
       Animate Dead      |       |       |       |       |    38 ||    38
Evoke: Wand              |       |       |       |    15 |    34 ||    49
       Phial of floods   |       |       |       |     1 |     2 ||     3
       Condenser vane    |       |       |       |       |     5 ||     5
       Box of beasts     |       |       |       |       |     3 ||     3
  Use: Potion            |       |     1 |     1 |    11 |    18 ||    31
       Scroll            |       |     5 |     3 |    15 |    14 ||    37
 Stab: Distracted        |       |       |       |     3 |     4 ||     7
       Invisible         |       |       |       |       |     2 ||     2
Armor: Robe              |    24 |    54 |    49 |     1 |       ||   128
       Steam dragon scal |       |       |       |    81 |       ||    81
       Acid dragon scale |       |       |       |   153 |   145 ||   298
       Skin              |       |       |       |     7 |     3 ||    10
       Fire dragon scale |       |       |       |       |    53 ||    53
Dodge: Dodged            |    28 |    41 |    60 |   315 |   206 ||   650
Block: Kite shield       |    45 |    55 |   120 |   381 |       ||   601
       Tower shield      |       |       |       |    71 |   843 ||   914

Table legend: (Time is in decaauts)
 A = Elapsed time spent in this place.
 B = Non-inter-level travel time spent in this place.
 C = Inter-level travel time spent in this place.
 D = Time resting spent in this place.
 E = Time spent auto-exploring this place.
 F = Levels seen in this place.
 G = Mean time per level.
                   A        B        C        D        E       F      G
               +--------+--------+--------+--------+--------+-----+--------+
         Total |  30631 |  28683 |   1948 |   5086 |  15930 |  26 | 1178.1 |
       Dungeon |  17290 |  16160 |   1130 |   3200 |   9038 |  15 | 1152.7 |
        Temple |    151 |    142 |      9 |      0 |     69 |   1 |  151.0 |
          Lair |   8922 |   8257 |    665 |   1094 |   4956 |   6 | 1487.0 |
     Snake Pit |   1686 |   1659 |     27 |    249 |    865 |   2 |  843.0 |
  Orcish Mines |   2579 |   2463 |    116 |    543 |   1001 |   2 | 1289.5 |
               +--------+--------+--------+--------+--------+-----+--------+

Top non-repeatable levels by time:
   Orc:2: 2140 daAuts
  Lair:6: 1910 daAuts
    D:14: 1657 daAuts
  Lair:3: 1584 daAuts
     D:7: 1540 daAuts
  Lair:5: 1527 daAuts
     D:6: 1477 daAuts
  Lair:4: 1455 daAuts
    D:10: 1360 daAuts
  Lair:1: 1347 daAuts
    D:15: 1310 daAuts
     D:5: 1210 daAuts
     D:2: 1134 daAuts
  Lair:2: 1097 daAuts
     D:9: 1093 daAuts
